 Dungeon Crawl Stone Soup version 0.28.0-53-g5a82cb258f (webtiles) character file.

Game seed: 5925324445447461700

10129 H0rd4k the Basher (level 11, -7/82 HPs)
             Began as a Human Artificer on July 4, 2022.
             Was an Initiate of Gozag.
             Mangled by a boulder beetle (26 damage)
             ... on level 11 of the Dungeon.
             The game lasted 00:20:43 (12114 turns).

H0rd4k the Basher (Human Artificer)                Turns: 12114, Time: 00:20:43

Health: -7/82      AC:  8    Str: 14    XL:     11   Next: 87%
Magic:  18/18      EV: 20    Int: 22    God:    Gozag
Gold:   1601       SH:  0    Dex: 14    Spells: 14/20 levels left

rFire   . . .      SeeInvis .   G - +2 morningstar (holy)
rCold   . . .      Faith    .   (no shield)
rNeg    . . .      Spirit   .   m - +2 robe {Will+}
rPois   +          Reflect  .   (no helmet)
rElec   .          Harm     .   (no cloak)
rCorr   .          Rampage  .   T - +0 pair of gloves
Will    +....                   U - +2 pair of boots
Stlth   ++........              K - amulet "Usoclusu" {Acrobat Drain +Inv rPois Str+2}
HPRegen 0.23/turn               j - +4 ring of evasion
MPRegen 0.16/turn               R - +6 ring of intelligence

@: no status effects
A: no striking features
a: Renounce Religion, Evoke Invisibility, Potion Petition, Call Merchant, Bribe
Branch


You were on level 11 of the Dungeon.
You worshipped Gozag.
Gozag was most pleased with you.
You visited 2 branches of the dungeon, and saw 12 of its levels.
You also visited: Sewer.

You collected 1662 gold pieces.
You paid 61 gold pieces to Gozag.

Inventory:

Hand Weapons
 B - a +2 dagger of draining
 E - a +1 short sword of venom
 G - a +2 morningstar of holy wrath (weapon)
Missiles
 q - 22 poisoned darts
 N - 4 throwing nets
Armour
 b - a +0 leather armour
 m - a +2 robe of willpower (worn)
 T - a +0 pair of gloves (worn)
 U - a +2 pair of boots (worn)
Magical Staves
 C - a staff of conjuration
 W - a staff of air
Jewellery
 h - a ring of flight
 i - a +4 ring of evasion
 j - a +4 ring of evasion (left hand)
 p - an amulet of regeneration
 K - the amulet "Usoclusu" (around neck) {Acrobat Drain +Inv rPois Str+2}
   (You found it on level 5 of the Dungeon)

   [amulet of the acrobat]

   It increases your evasion while moving and waiting.
   Str:       It affects your strength (+2).
   rPois:     It protects you from poison.
   +Inv:      It lets you turn invisible.
   Drain:     It drains your maximum health when unequipped.
 R - a +6 ring of intelligence (right hand)
 S - a ring of see invisible
 V - a +4 ring of evasion
Wands
 c - a wand of flame (23) (quivered)
 r - a wand of polymorph (8)
 Z - a wand of iceblast (2)
Scrolls
 a - a scroll of fog
 n - 5 scrolls of teleportation
 L - a scroll of blinking
 M - a scroll of amnesia
Potions
 d - a potion of attraction {unknown}
 f - 2 potions of cancellation
 g - 8 potions of curing
 o - 3 potions of lignification
 v - a potion of might
 w - a potion of magic {unknown}
 x - 2 potions of resistance
 z - 3 potions of heal wounds
 A - a potion of haste {unknown}
 D - 4 potions of mutation
 F - 2 potions of berserk rage
 I - a potion of invisibility {unknown}
 J - a potion of brilliance {unknown}
 P - 2 potions of flight {unknown}
 X - a potion of degeneration {unknown}
Miscellaneous
 e - a piece from Xom's chessboard (15/15)
 Y - a piece from Xom's chessboard (15/15)


   Skills:
 - Level 6.3 Fighting
 + Level 2.4 Short Blades
 - Level 11.5 Maces & Flails
 - Level 2.0 Armour
 + Level 8.3 Dodging
 - Level 1.0 Stealth
 * Level 5.1 Spellcasting
 + Level 3.0 Conjurations
 + Level 3.3 Fire Magic
 + Level 4.8 Evocations


You had 14 spell levels left.
You knew the following spells:

 Your Spells              Type           Power      Damage    Failure   Level
a - Conjure Flame         Conj/Fire      19%        6-21      9%          3
b - Inner Flame           Hex/Fire       13%        N/A       16%         3

Your spell library contained the following spells:

 Spells                   Type           Power      Damage    Failure   Level
 Foxfire                  Conj/Fire      76%        2x1d7     2%          1
 Ensorcelled Hibernation  Hex/Ice        10%        N/A       16%         2
 Passwall                 Tmut/Erth      4%         N/A       16%         2
 Flame Wave               Conj/Fire      19%        2d6       26%         4
 Swiftness                Air            5%         N/A       30%         3
 Tukima's Dance           Hex            5%         N/A       30%         3
 Passage of Golubria      Tloc           5%         N/A       69%         4
 Yara's Violent Unravell  Hex/Tmut       2%         3d3       95%         5


Dungeon Overview and Level Annotations

Branches:
Dungeon (11/15)            Temple (1/1) D:5            Lair (0/6) D:9
    Orc (0/2) D:9           Sewer (visited)

Altars:
Ashenzari
Cheibriados
Dithmenos
Elyvilon
Fedhas
Gozag
Hepliaklqana
Makhleb
Nemelex Xobeh
Okawaru
Qazlal
Ru
Sif Muna
Trog
Uskayaw
Vehumet
Wu Jian
Xom
Yredelemnul
Zin
The Shining One
Ignis

Shops:
D:2 (   D:4 *

Annotations:
D:5 1 runed translucent door, Edmund
D:8 exclusion: downstairs
D:9 exclusion: downstairs
D:10 exclusions: 2 downstairs and glowing orange brain


Message History

The boulder beetle bites you but does no damage.
You hit the boulder beetle but do no damage.
The boulder beetle is heavily wounded.
The boulder beetle completely misses you.
You hit the boulder beetle.
The boulder beetle is heavily wounded.
The boulder beetle closely misses you.
You hit the boulder beetle but do no damage.
The boulder beetle is heavily wounded.
The boulder beetle barely misses you.
You hit the boulder beetle but do no damage.
The boulder beetle is heavily wounded.
The boulder beetle bites you!
You barely miss the boulder beetle.
The boulder beetle is heavily wounded.
You hit the boulder beetle but do no damage.
The boulder beetle is heavily wounded.
The boulder beetle misses you.
You hit the boulder beetle.
The boulder beetle is heavily wounded.
The boulder beetle closely misses you.
You hit the boulder beetle but do no damage.
The boulder beetle is heavily wounded.
The boulder beetle bites you.
You hit the boulder beetle but do no damage.
The boulder beetle is heavily wounded.
The boulder beetle closely misses you.
You hit the boulder beetle but do no damage.
The boulder beetle is heavily wounded.
The boulder beetle bites you!!
You thump the boulder beetle!
The boulder beetle is severely wounded.
The boulder beetle bites you.
* * * LOW HITPOINT WARNING * * *
You hit the boulder beetle but do no damage.
You punch the boulder beetle, but do no damage.
The boulder beetle is severely wounded.
The boulder beetle bites you!!
You die...
Your body crumbles into a pile of gold.

........#.....#
.##.......#..#.#
.?...#.....#...#
.....c#.....#..#
..........#..#.#
#.....ccc.....#
#...###c#######
#### #B# #@# #.#
#.# #.# .
##########.######.
#.
........<).......#
#..
#################.
# ##


You could see a boulder beetle and 4 centaurs.

Vanquished Creatures
  Harold (D:10)
  A two-headed ogre (D:10)
  A lindwurm (shapeshifter) (D:10)
  A manticore (D:9)
  A cyclops (D:9)
  A gargoyle (D:10)
  Psyche (D:10)
  A troll (D:10)
  A hornet (D:9)
  Sigmund (D:6)
  10 yaks
  A wyvern (D:9)
  3 basilisks
  2 steam dragons
  A vampire mosquito (D:9)
  Menkaure (D:6)
  2 water moccasins
  2 acid dragons
  3 orc warriors
  A black bear (D:5)
  2 ice beasts
  A sky beast (D:6)
  3 necrophages
  3 centaurs
  2 phantoms
  A kobold brigand (Sewer)
  3 bullfrogs
  A water moccasin skeleton (D:7)
  6 killer bees
  13 wights
  A howler monkey (D:7)
  2 bullfrog zombies
  A jelly (D:8)
  5 orc priests
  2 centaur zombies (D:9)
  7 orc wizards
  A killer bee zombie (D:8)
  2 howler monkey zombies
  12 gnolls
  9 adders
  5 river rats (Sewer)
  A shadow imp (D:5)
  4 ufetubi
  An adder skeleton (D:4)
  6 worms
  5 dart slugs
  42 orcs
  6 bats
  5 endoplasms
  4 giant cockroaches
  7 hobgoblins
  2 quokkas
  9 ball pythons
  4 frilled lizards
  4 goblins
  A goblin skeleton (D:5)
  25 kobolds
  27 rats
  A butterfly (D:8)
272 creatures vanquished.

Vanquished Creatures (collateral kills)
  A water moccasin (D:7)
  3 orc priests
  A gnoll shaman (D:7)
  2 orc wizards
  2 gnolls
  3 orcs
12 creatures vanquished.

Vanquished Creatures (others)
  A water moccasin (D:7)
  A gnoll sergeant (D:6)
  2 orc wizards
  A gnoll (D:3)
  2 orcs
  An endoplasm (D:3)
  A butterfly (D:8)
  6 plants
15 creatures vanquished.

Grand Total: 299 creatures vanquished

Notes
Turn   | Place    | Note
-------+----------+-------------------------------------------
     0 | D:1      | H0rd4k the Human Artificer began the quest for the Orb.
     0 | D:1      | Reached XP level 1. HP: 15/15 MP: 1/1
   155 | D:1      | Reached XP level 2. HP: 16/21 MP: 2/2
   682 | D:1      | Reached XP level 3. HP: 6/26 MP: 3/3
  1037 | D:2      | Reached skill level 1 in Maces & Flails
  1260 | D:2      | Reached XP level 4. HP: 20/32 MP: 4/4
  1614 | D:2      | Reached skill level 2 in Maces & Flails
  1836 | D:2      | Found Jisot's Weapon Emporium.
  2288 | D:2      | Reached XP level 5. HP: 38/38 MP: 5/5
  2559 | D:3      | Found a faded altar of an unknown god.
  2750 | D:3      | Reached skill level 3 in Maces & Flails
  2753 | D:3      | Found a stormy altar of Qazlal.
  3048 | D:3      | Reached XP level 6. HP: 44/44 MP: 6/6
  3236 | D:4      | Found a glowing drain.
  3262 | Sewer    | Entered a sewer
  3518 | Sewer    | Reached skill level 4 in Maces & Flails
  3665 | Sewer    | Reached XP level 7. HP: 48/51 MP: 7/7
  3964 | D:4      | Found Keduih's Gadget Gallery.
  3994 | D:4      | Found a blossoming altar of Fedhas.
  4644 | D:5      | Entered Level 5 of the Dungeon
  4871 | D:5      | Found an ornate altar of the Wu Jian Council.
  4893 | D:5      | Reached skill level 5 in Maces & Flails
  4925 | D:5      | Reached skill level 1 in Short Blades
  4925 | D:5      | Reached XP level 8. HP: 47/58 MP: 8/8
  4974 | D:5      | Identified the amulet "Usoclusu" {Acrobat Drain +Inv rPois
                  | Str+2}
  5199 | D:5      | Found a runed translucent door.
  5199 | D:5      | Noticed a human
  5447 | D:5      | Reached skill level 5 in Dodging
  5626 | D:5      | Found a basalt altar of Yredelemnul.
  5733 | D:5      | Found a staircase to the Ecumenical Temple.
  6040 | Temple   | Entered the Ecumenical Temple
  6092 | Temple   | Became a worshipper of Gozag Ym Sagoz the Greedy
  6402 | D:6      | Noticed a basilisk
  6442 | D:6      | Killed a basilisk
  6443 | D:6      | Reached skill level 6 in Maces & Flails
  6519 | D:6      | Noticed Menkaure
  6555 | D:6      | Killed Menkaure
  6663 | D:6      | Reached XP level 9. HP: 65/65 MP: 9/9
  6698 | D:6      | Reached skill level 7 in Maces & Flails
  6730 | D:6      | Noticed Sigmund
  6777 | D:6      | Killed Sigmund
  6860 | D:6      | You fall into a shaft and drop 1 floor!
  7235 | D:6      | Noticed Edmund
  7518 | D:7      | Found a bloodstained altar of Trog.
  7528 | D:7      | Reached skill level 8 in Maces & Flails
  7984 | D:7      | Learned a level 3 spell: Conjure Flame
  7988 | D:7      | Learned a level 3 spell: Inner Flame
  8019 | D:8      | Found a shimmering altar of Xom.
  8230 | D:8      | Reached skill level 1 in Fire Magic
  8233 | D:8      | Reached XP level 10. HP: 69/73 MP: 10/10
  8247 | D:8      | Reached skill level 1 in Spellcasting
  8272 | D:8      | Reached skill level 5 in Fighting
  8283 | D:8      | Reached skill level 1 in Conjurations
  8364 | D:8      | Reached skill level 9 in Maces & Flails
  8662 | D:9      | Found a staircase to the Orcish Mines.
  8916 | D:9      | Reached skill level 10 in Maces & Flails
  8943 | D:9      | Found a staircase to the Lair.
  9283 | D:9      | Found a shimmering blue altar of Sif Muna.
  9409 | D:9      | Found a hazy altar of Hepliaklqana.
  9429 | D:9      | Noticed a cyclops
  9431 | D:9      | Noticed a manticore
  9461 | D:9      | Killed a manticore
  9462 | D:9      | Reached XP level 11. HP: 52/80 MP: 14/16
  9527 | D:9      | Killed a cyclops
  9840 | D:10     | Entered Level 10 of the Dungeon
  9840 | D:10     | Noticed a two-headed ogre
  9878 | D:10     | Killed a two-headed ogre
  9888 | D:10     | Reached skill level 11 in Maces & Flails
  9907 | D:10     | Noticed Harold
  9937 | D:10     | Killed Harold
  9968 | D:10     | Noticed Psyche
 10493 | D:10     | Killed Psyche
 10554 | D:10     | Noticed a lindwurm
 10693 | D:10     | Killed a lindwurm
 11573 | D:10     | Reached skill level 5 in Spellcasting
 11806 | D:10     | Found a snail-covered altar of Cheibriados.
 11806 | D:10     | Found a shadowy altar of Dithmenos.
 11953 | D:10     | Noticed a glowing orange brain
 11987 | D:11     | Noticed a cyclops
 11987 | D:11     | Noticed a two-headed ogre
 12026 | D:11     | Noticed a boulder beetle
 12087 | D:11     | Noticed a boulder beetle
 12114 | D:11     | Mangled by a boulder beetle

Illustrated notes

Levels and vault maps discovered:
D:1:      scummos_arrival_simple_fountains, layout_rooms
D:2:      layout_loops_ring, serial_shops, nicolae_shop_bloodbath_and_beyond,
          serial_forest, infiniplex_forest_end_3,
          infiniplex_forest_clump_medium, infiniplex_forest_straight_3,
          infiniplex_forest_clump_medium, infiniplex_forest_lined_room_2,
          infiniplex_forest_end_3, hangedman_decor_clover_reticule,
          minmay_misc_feat_four_crosses
D:3:      layout_basic, grunt_qazlal_clouds, nicolae_ecumenical_oubliette
D:4:      layout_loops_ring, mainiacjoe_overflow_catwalk,
          cheibrodos_sewer_entry_bend, nicolae_shop_gadgets
D:5:      layout_layer_cave, dk_yredelemnul_ordeal,
          nicolae_overflow_crystal_walls, minmay_temple_entry_fiery,
          minmay_checkerbox
D:6:      layout_loops_ring, sigmund_edmund_badplayer, uniq_menkaure
D:7:      layout_rooms, nicolae_overflow_hidden_temple
D:8:      layout_rooms, xom_butterflies
D:9:      minmay_chambers_of_sixes, layout_rooms,
          nicolae_hepliaklqana_hazy_memory, mainiacjoe_overflow_24_doors,
          erik_lair_dragon, david_orc_2, minmay_misc_feat_tower
D:10:     layout_rooms, minitemple, kennysheep_just_a_vault, uniq_harold,
          uniq_psyche
D:11:     layout_loops_ring, nicolae_trove_entry_crystal, serial_rivers,
          chequers_serial_rivers_marsh, chequers_serial_rivers_micro_a,
          chequers_serial_rivers_micro_e, chequers_serial_rivers_room_a,
          chequers_serial_rivers_micro_c, hangedman_decor_opposing,
          feat_on_display
Temple:   ebering_untended_altars

Skill      XL: |  1  2  3  4  5  6  7  8  9 10 11 |
---------------+----------------------------------+-----
Maces & Flails | 1 2 3 4 5 6 8 10 11 | 11.5
Fighting       | 2 3 4 5 6 |  6.3
Dodging        | 2 3 4 5 6 7 8 |  8.3
Evocations     | 4 |  4.8
Short Blades   | 1 2 |  2.4
Fire Magic     | 1 3 |  3.3
Spellcasting   | 3 5 |  5.1
Conjurations   | 2 3 |  3.0
Armour         | |  2.0
Stealth        | |  1.0

Action                   |  1- 3 |  4- 6 |  7- 9 | 10-12 || total
-------------------------+-------+-------+-------+-------++-------
Melee: Club              |   115 |   122 |       |       ||   237
       Punch             |     1 |     4 |     4 |     7 ||    16
       Whip              |       |   225 |    61 |       ||   286
       Dagger            |       |       |   152 |       ||   152
       Morningstar       |       |       |   203 |   414 ||   617
Evoke: Wand              |     4 |    11 |    15 |    13 ||    43
  Use: Scroll            |       |       |       |    19 ||    19
       Potion            |       |       |       |     2 ||     2
 Stab: Sleeping          |     1 |     3 |     3 |     1 ||     8
       Distracted        |       |       |       |     4 ||     4
Armor: Leather armour    |    37 |    11 |       |       ||    48
       Robe              |       |    36 |    63 |    72 ||   171
Dodge: Dodged            |    85 |   362 |   365 |   415 ||  1227
